 Dungeon Crawl Stone Soup version 0.27-a0-909-g0721f309d1 (webtiles) character file.

Game seed: 6687262042964353489

276 robertstho the Chiller (level 5, -9/38 HPs)
             Began as a Demigod Ice Elementalist on Apr 8, 2021.
             Mangled by a water moccasin (10 damage)
             ... on level 6 of the Dungeon.
             The game lasted 00:02:42 (2615 turns).

robertstho the Chiller (Demigod Ice Elementalist)   Turns: 2615, Time: 00:02:43

Health: -9/38      AC:  5    Str:  9    XL:     5   Next: 73%
Magic:  12/13      EV: 12    Int: 21    God:
Gold:   72         SH:  0    Dex: 14    Spells: 9/10 levels left

rFire    . . .     SeeInvis .   d - +0 dagger
rCold    . . .     Faith    .   (no shield)
rNeg     . . .     Spirit   .   a - +0 robe
rPois    .         Reflect  .   (no helmet)
rElec    .         Harm     .   (no cloak)
rCorr    .         Rampage  .   (no gloves)
Will     .....                  g - +2 pair of boots
Stlth    ++........             (no amulet)
HPRegen  0.12/turn              (no ring)
MPRegen  0.13/turn              (no ring)

@: mighty, lethally poisoned (-9 -> -22)
A: high mp 1, forlorn
a: no special abilities


You were on level 6 of the Dungeon.
You visited 1 branch of the dungeon, and saw 4 of its levels.

You collected 72 gold pieces.

Inventory:

Hand Weapons
 d - a +0 dagger (weapon)
Armour
 a - a +0 robe (worn)
 g - a +2 pair of boots (worn)
Wands
 i - a wand of flame (6)
Scrolls
 b - a scroll of noise {unknown}
 c - a scroll of immolation {unknown}
 e - a scroll of amnesia {unknown}
 h - a scroll of teleportation {unknown}
 l - a scroll of summoning {unknown}
 m - a scroll of enchant armour {unknown}
Potions
 j - a potion of brilliance {unknown}
 k - a potion of mutation {unknown}
 n - a potion of magic {unknown}


   Skills:
 + Level 0.1 Fighting
 + Level 0.7 Short Blades
 + Level 2.3 Dodging
 + Level 2.1 Stealth
 * Level 3.4 Spellcasting
 * Level 5.2 Ice Magic


You had 9 spell levels left.
You knew the following spells:

 Your Spells              Type           Power      Damage    Failure   Level
a - Freeze                Ice            100%       1d11      1%          1

Your spell library contained the following spells:

 Spells                   Type           Power      Damage    Failure   Level
 Frozen Ramparts          Ice            50%        1d7       4%          3
 Ozocubu's Armour         Ice            25%        N/A       4%          3
 Animate Skeleton         Necr           6%         N/A       13%         1
 Apportation              Tloc           6%         N/A       13%         1
 Corona                   Hex            3%         N/A       13%         1
 Summon Small Mammal      Summ           12%        N/A       13%         1
 Hailstorm                Conj/Ice       14%        3d5       38%         4
 Summon Ice Beast         Ice/Summ       14%        N/A       38%         4


Dungeon Overview and Level Annotations

Branches:
Dungeon (3/15)

Annotations:
D:6 3 runed translucent doors, Zeld's ghost, novice OpCj


Innate Abilities, Weirdness & Mutations

Your attributes grow dramatically as you level up.
You have an increased reservoir of magic. (+10% MP)
You shall have no god before yourself.


Message History

A water moccasin comes into view.
A water moccasin is nearby!
A water moccasin is nearby!
A water moccasin is nearby!
A water moccasin is nearby!
The water moccasin hisses angrily.
The water moccasin bites you. The water moccasin bites you!
You hit the water moccasin.
The water moccasin is lightly wounded.
The water moccasin bites you.
You are poisoned.
The water moccasin poisons you!
You closely miss the water moccasin.
The water moccasin is lightly wounded.
You feel very sick. The water moccasin bites you.
You are lethally poisoned!
The water moccasin poisons you!
You hit the water moccasin.
The water moccasin is lightly wounded.
You feel very sick. The water moccasin closely misses you.
The water moccasin bites you.
* * * LOW HITPOINT WARNING * * *
Casting: Freeze (safe; 1% risk of failure)
Confirm with . or Enter, or press ? or * to list all spells.
Aiming: Freeze (safe; 1% risk of failure)
Press: ? - help, Shift-Dir - straight line, f - water moccasin
Aim: a water moccasin (lightly wounded)
You freeze the water moccasin!
The water moccasin is heavily wounded.
* * * LOW HITPOINT WARNING * * *
You feel very sick. The water moccasin bites you.
* * * LOW HITPOINT WARNING * * *
It was a potion of might.
You feel very mighty all of a sudden.
* * * LOW HITPOINT WARNING * * *
You feel very sick. The water moccasin bites you!
You die...

..W#.......##
##.###.#
...#......## .##
#.# ...#.#...## .#
#.# +###.##'##
##.### ##.#
.....##>#
.##......#
#######.# ##.#.#.
### #######†####
... ...........#
#S#
#####......#####@#
##...#.......#
##.########## #.#
#.# #.# #.# #.


You could see a water moccasin.

Vanquished Creatures
  A sky beast (D:6)
  A jelly (D:6)
  An iguana (D:6)
  Natasha (thrice) (D:2)
  A hound zombie (D:2)
  An adder (D:2)
  An orc (D:6)
  3 endoplasms
  A hobgoblin (D:3)
  2 jackals (D:2)
  A quokka (D:2)
  5 ball pythons
  2 bats (D:2)
  11 frilled lizards (D:2)
  3 kobolds
  3 rats (D:2)
40 creatures vanquished.

Vanquished Creatures (others)
  5 plants (D:2)
5 creatures vanquished.

Grand Total: 45 creatures vanquished

Notes
Turn   | Place    | Note
-------+----------+-------------------------------------------
     0 | D:1      | robertstho the Demigod Ice Elementalist began the quest for
                  | the Orb.
     0 | D:1      | Reached XP level 1. HP: 14/14 MP: 5/5
  1116 | D:2      | Reached skill level 4 in Ice Magic
  1116 | D:2      | Reached XP level 2. HP: 19/20 MP: 7/7
  1277 | D:2      | Noticed Natasha
  1285 | D:2      | Killed Natasha
  1286 | D:2      | Reached XP level 3. HP: 24/26 MP: 1/8
  1320 | D:2      | Noticed Natasha
  1329 | D:2      | Killed Natasha
  1448 | D:2      | Noticed Natasha
  1458 | D:2      | Killed Natasha
  1459 | D:2      | Reached XP level 4. HP: 31/33 MP: 7/10
  2278 | D:3      | You fall into a shaft and drop 3 floors!
  2420 | D:6      | Reached skill level 5 in Ice Magic
  2420 | D:6      | Reached XP level 5. HP: 37/38 MP: 8/12
  2503 | D:6      | Noticed Zeld's ghost (novice OpCj)
  2510 | D:6      | Found a runed translucent gate.
  2510 | D:6      | Found a runed translucent gate.
  2510 | D:6      | Found a runed translucent gate.
  2524 | D:6      | Noticed a sky beast
  2534 | D:6      | Killed a sky beast
  2609 | D:6      | Noticed a water moccasin
  2615 | D:6      | HP: 1/38 [poisoned by a water moccasin]
  2615 | D:6      | Mangled by a water moccasin

Illustrated notes

Levels and vault maps discovered:
D:1:      wander_arrival_desolate, layout_loops_corners,
          ebering_ecumenical_altar_hall, grunt_decor_resistance
D:2:      layout_loops_cross, minmay_lizard_king, uniq_natasha
D:3:      layout_basic, chequers_temple_overflow_minitemple, serial_shops,
          shop_fountains, uniq_terence, uniq_crazy_yiuf_cottage
D:6:      layout_loops_corners, gammafunk_ghost_split

Skill      XL: |  1  2  3  4 |
---------------+-------------+-----
Spellcasting   | 2 3 |  3.4
Ice Magic      | 4 5 |  5.2
Dodging        | 2 |  2.3
Stealth        | 2 |  2.1
Fighting       | |  0.1
Short Blades   | |  0.7

Action                   |  1- 3 |  4- 6 || total
-------------------------+-------+-------++-------
Melee: Dagger            |    31 |    56 ||    87
       Unarmed           |     2 |       ||     2
 Cast: Freeze            |    16 |    30 ||    46
  Use: Potion            |     2 |     1 ||     3
 Stab: Sleeping          |       |     3 ||     3
Armor: Robe              |    15 |    24 ||    39
Dodge: Dodged            |    34 |    43 ||    77

Table legend: (Time is in decaauts)
 A = Elapsed time spent in this place.
 B = Non-inter-level travel time spent in this place.
 C = Inter-level travel time spent in this place.
 D = Time resting spent in this place.
 E = Time spent auto-exploring this place.
 F = Levels seen in this place.
 G = Mean time per level.
                   A        B        C        D        E       F      G
               +--------+--------+--------+--------+--------+-----+--------+
         Total |   2613 |   2508 |    105 |      0 |   2194 |   4 |  653.2 |
       Dungeon |   2613 |   2508 |    105 |      0 |   2194 |   4 |  653.2 |
               +--------+--------+--------+--------+--------+-----+--------+

Top non-repeatable levels by time:
     D:1: 1079 daAuts
     D:2: 1051 daAuts
     D:6: 336 daAuts
     D:3: 145 daAuts
